 Dungeon Crawl Stone Soup version 0.20-a0-1109-ge3cd172 (webtiles) character file.

97 KristoblXynda the Insei (level 4, -4/38 HPs)
             Began as a Draconian Monk on May 5, 2017.
             Killed from afar by an orc wizard (8 damage)
             ... with a magic dart
             ... on level 3 of the Dungeon.
             The game lasted 00:04:41 (2055 turns).

KristoblXynda the Insei (Draconian Monk)            Turns: 2055, Time: 00:04:41

Health: -4/38      AC:  8    Str: 10 (11) XL:     4   Next: 42%
Magic:  4/4        EV: 13    Int: 10 (11) God:
Gold:   168        SH:  0    Dex: 12 (14) Spells: 3/3 levels left

rFire    . . .     SeeInvis .     - Unarmed
rCold    . . .     Gourm    .   (no shield)
rNeg     . . .     Faith    .   (armour unavailable)
rPois    .         Spirit   .   (helmet restricted)
rElec    .         Reflect  .   (no cloak)
rCorr    .         Harm     .   (no gloves)
MR       +....                  (no boots)
Stlth    ++........             (no amulet)
Regen    0.2/turn               b - +3 ring of protection
MPRegen  0.1/turn               (no ring)

@: flying, hasted, very quick
A: unfitting armour, stinger 1, magic resistance 1, weak 1, evolution 1,
cold-blooded, AC +5
a: no special abilities


You were on level 3 of the Dungeon.
You were not hungry.

You visited 1 branch of the dungeon, and saw 3 of its levels.

You collected 168 gold pieces.

Inventory:

Jewellery
 b - a +3 ring of protection (left hand)
Scrolls
 e - 2 scrolls of enchant armour {unknown}
 i - 2 scrolls of remove curse {unknown}
 n - a scroll of recharging {unknown}
 o - 2 scrolls of teleportation {unknown}
Comestibles
 a - 2 bread rations
 j - 2 royal jellies


   Skills:
 - Level 3.2 Fighting
 + Level 3.5 Dodging
 + Level 3.1 Stealth
 + Level 3.8 Unarmed Combat


You had 3 spell levels left.
You didn't know any spells.

Dungeon Overview and Level Annotations

Branches:
Dungeon (3/15)

Altars:


Innate Abilities, Weirdness & Mutations

Your plain brown scales are hard. (AC +5)
You cannot fit into any form of body armour.
You are cold-blooded and may be slowed by cold attacks.
Your tail ends in a poisonous barb.
You are resistant to hostile enchantments. (MR+)
You are weak. (Str -2)
You evolve.


Message History

The orc wizard is heavily wounded.
The orc barely misses you. The orc wizard hits you with a dagger.
* * * LOW HITPOINT WARNING * * *
You closely miss the orc wizard.
The orc wizard is heavily wounded.
The orc wizard hits you with a dagger.
* * * LOW HITPOINT WARNING * * *
The orc closely misses you.
You hit the orc wizard.
The orc wizard is severely wounded.
You hit the orc wizard but do no damage.
The orc wizard is severely wounded.
The orc wizard hits you but does no damage.
The orc hits you.
* * * LOW HITPOINT WARNING * * *
You closely miss the orc.
The orc is lightly wounded.
The orc wizard gestures at you while chanting.
The magic dart hits you!
You die...

#..# #..
#..# #.#
#..# #.# #
#..# #.# .#
#..# ##.##.#
#..###...[#
#...).).##.#
#.#####o# .#
#.# #@# ..
#%# #o# ..
#.# #.# ##
#.# ... ...
.#. ..# #.
.# ## ##


You could see an orc wizard and an orc.

Vanquished Creatures
  4 worms (D:2)
  2 dart slugs (D:2)
  A leopard gecko (D:2)
  2 orcs (D:3)
  11 bats
  2 giant cockroaches (D:1)
  14 goblins
  9 hobgoblins
  6 jackals
  7 kobolds
  2 quokkas
  A ball python (D:2)
  4 frilled lizards
  9 rats
74 creatures vanquished.

Notes
Turn   | Place    | Note
-------+----------+-------------------------------------------
     0 | D:1      | KristoblXynda the Draconian Monk began the quest for the Orb.
     0 | D:1      | Reached XP level 1. HP: 19/19 MP: 1/1
   200 | D:1      | Reached XP level 2. HP: 12/26 MP: 2/2
  1101 | D:2      | Reached XP level 3. HP: 28/31 MP: 3/3
  1621 | D:2      | Reached XP level 4. HP: 37/38 MP: 4/4
  2048 | D:3      | Gained mutation: You are weak. (Str -2) [potion of mutation]
  2048 | D:3      | Gained mutation: You evolve. [potion of mutation]
  2048 | D:3      | Gained mutation: Your tail ends in a poisonous barb. [potion of mutation]
  2048 | D:3      | Gained mutation: You are resistant to hostile enchantments. (MR+) [potion of mutation]
  2055 | D:3      | Killed from afar by an orc wizard

Vault maps used:
D:1:      lemuel_arrival_broad_hall
D:2:      cheibrodos_greedy_goblins
D:3:      first_bread

Skill      XL: |  1  2  3  4 |
---------------+-------------+-----
Stealth        | 2 3 |  3.1
Dodging        | 3 |  3.5
Fighting       | |  3.2
Unarmed Combat | |  3.8

Action                   |  1- 3 |  4- 6 || total
-------------------------+-------+-------++-------
Melee: Unarmed           |   176 |    91 ||   267
       Tailslap          |    19 |     8 ||    27
       Punch             |     1 |     1 ||     2
  Use: Potion            |       |     5 ||     5
       Scroll            |       |     3 ||     3
 Stab: Sleeping          |     9 |     1 ||    10
  Eat: Chunk             |     2 |     2 ||     4
Armor: Skin              |    49 |    21 ||    70
Dodge: Dodged            |   131 |    44 ||   175
